 Dungeon Sprint DCSS version 0.21.1-1-g345015f (webtiles) character file.

395358 equalderp2856 the Axe Maniac (level 20, -14/291 HPs)
             Began as a Minotaur Fighter on May 16, 2018.
             Demolished by an azure jelly (37 damage)
             ... created by the Royal Jelly
             ... in the Dungeon (Sprint IX: "|||||||||||||||||||||||||||||").
             The game lasted 00:46:42 (21747 turns).

equalderp2856 the Axe Maniac (Minotaur Fighter)    Turns: 21747, Time: 00:46:43

Health: -14/291    AC:  8    Str: 38      XL:     20   Next: 51%
Magic:  0/44       EV: 27    Int:  9      God:
Gold:   764        SH: 20    Dex:  9 (10) Spells: 59/73 levels left

rFire    . . .     SeeInvis .   s - +9 broad axe (chop)
rCold    . . .     Gourm    .   c - +0 shield
rNeg     + . .     Faith    .   K - +3 plate armour {rN+}
rPois    .         Spirit   +   (helmet restricted)
rElec    .         Reflect  .   Z - +1 cloak {+Inv}
rCorr    .         Harm     .   A - +2 pair of gloves {Str+3}
MR       +....     NoTele   +   D - +2 pair of boots
Stlth    ..........             r - amulet of guardian spirit
HPRegen  0.58/turn              R - +6 ring of evasion
MPRegen  0.29/turn              J - ring of Plog {Str+5 Dex+3}

@: mighty, berserking, corroded, very slightly contaminated, starving,
invisible, very quick
A: retaliatory headbutt, horns 2, clumsy 2, deterioration 1, frail 1, low mp 1
}: 6/15 runes: decaying, serpentine, barnacled, elven, silver, gossamer
a: no special abilities


You were in the Dungeon.
You were starving.

You visited 1 branch You collected 1962 gold pieces.
You spent 1198 gold pieces at shops.

Inventory:

Hand Weapons
 s - a +9 broad axe of chopping (weapon)
 U - a +0 broad axe of flaming
 V - a +2 demon trident
Armour
 c - a +0 shield (worn)
 u - a +0 pair of gloves
 y - a +0 pair of boots
 A - a +2 pair of gloves of strength (worn)
 B - a +0 plate armour
 C - the +2 cloak of the Thief {+Fog Slay-2 SInv Stlth+}
   (You bought it in a shop in the Dungeon)

   It affects your accuracy and damage with ranged weapons and melee attacks
   (-2).
   It lets you see invisible.
   It makes you more stealthy.
 D - a +2 pair of boots (worn)
 I - +0 gold dragon scales
 K - a +3 plate armour of positive energy (worn)
 L - +0 swamp dragon scales
 N - +0 fire dragon scales
 W - a +2 chain mail of poison resistance
 Z - a +1 cloak of invisibility (worn)
Jewellery
 b - an uncursed ring of magical power {unknown}
 p - a +2 ring of protection
 q - a +2 ring of evasion
 r - an amulet of guardian spirit (around neck)
 F - an uncursed ring of protection from fire
 G - an uncursed ring of protection from magic
 H - an uncursed ring of ice
 J - the ring of Plog (right hand) {Str+5 Dex+3}
   (You found it in the Dungeon)

   [ring of dexterity]

   It affects your strength (+5).
   It affects your dexterity (+3).
 M - a +6 ring of strength
 O - a +6 ring of strength
 P - a +4 ring of evasion
 Q - a +4 ring of evasion
 R - a +6 ring of evasion (left hand)
 X - a +5 ring of slaying
 Y - the ring "Rarineb" {EV+4 Str+4 Stlth+}
   (You found it in the Dungeon)

   [ring of evasion]

   It affects your evasion (+4).
   It affects your strength (+4).
   It makes you more stealthy.
Wands
 a - a wand of random effects (32)
 o - a wand of iceblast (4)
Scrolls
 k - 2 scrolls of blinking
 m - 7 scrolls of remove curse
 n - 2 scrolls of amnesia
 v - 3 scrolls of fear
 w - 5 scrolls of enchant armour
 x - a scroll of fog
Potions
 e - a potion of invisibility
 h - 6 potions of haste
 i - 4 potions of magic
 j - a potion of berserk rage
 l - 3 potions of curing
 z - a potion of flight
 S - 3 potions of agility
 T - 2 potions of resistance
Books
 t - a book of Necromancy

   Spells                             Type                      Level
   a - Pain                           Necromancy                   1
   b - Animate Skeleton               Necromancy                   1
   c - Vampiric Draining              Necromancy                   3
   d - Regeneration                   Charms/Necromancy            3
   e - Animate Dead                   Necromancy                   4
   f - Borgnjor's Vile Clutch         Necromancy/Earth             5
 E - a book of Minor Magic

   Spells                             Type                      Level
   a - Magic Dart                     Conjuration                  1
   b - Blink                          Translocation                2
   c - Call Imp                       Summoning                    2
   d - Slow                           Hexes                        2
   e - Conjure Flame                  Conjuration/Fire             3
   f - Mephitic Cloud                 Conjuration/Poison/Air       3
Comestibles
 f - 3 rations


   Skills:
 O Level 27 Fighting
 O Level 27 Axes
 + Level 9.7(20.3) Polearms
 O Level 27 Armour
 O Level 27 Dodging
 + Level 17.9 Stealth
 O Level 27 Shields
 O Level 27 Spellcasting
 + Level 19.1 Translocations
 + Level 8.9 Evocations


You had 59 spell levels left.
You knew the following spells:

 Your Spells              Type           Power        Failure   Level  Hunger
a - Magic Dart            Conj           ##..         5%          1    None
b - Blink                 Tloc           N/A          0%          2    None
c - Conjure Flame         Conj/Fire      ##......     17%         3    None
d - Animate Skeleton      Necr           N/A          5%          1    None
e - Pain                  Necr           ##..         5%          1    None
f - Regeneration          Chrm/Necr      ##........   17%         3    None
g - Vampiric Draining     Necr           ##........   17%         3    None


Dungeon Overview and Level Annotations

Branches:
Dungeon (1/1)

Altars:
Cheibriados
Dithmenos
Elyvilon
Fedhas
Gozag
Hepliaklqana
Kikubaaqudgha
Makhleb
Nemelex Xobeh
Okawaru
Qazlal
Ru
Sif Muna
Trog
Uskayaw
Vehumet
Wu Jian
Xom
Yredelemnul
Zin
The Shining One
Beogh
Jiyva
Lugonu

Shops:
D (?:[

Annotations:
D Royal Jelly


Innate Abilities, Weirdness & Mutations

You reflexively headbutt those who attack you in melee.
You have a pair of horns on your head.
You are very clumsy. (Dex -4)
Your body sometimes deteriorates upon taking damage.
You are frail. (-10% HP)
Your magical capacity is low. (-10% MP)


Message History

The Royal Jelly misses you. The Royal Jelly closely misses you.
Unknown command.
You slice the Royal Jelly!!
Your hands burn!
* * * LOW HITPOINT WARNING * * *
You headbutt the Royal Jelly.
The Royal Jelly is severely wounded.
You barely miss the azure jelly. The Royal Jelly hits you!!!
* * * LOW HITPOINT WARNING * * *
You are splashed with acid!
The acid burns!
* * * LOW HITPOINT WARNING * * *
You block the Royal Jelly's attack.
Okay, then.
A red film seems to cover your vision as you go berserk!
You feel yourself moving faster!
You feel mighty! You block the azure jelly's attack.
The azure jelly misses you. The azure jelly completely misses you.
You block the azure jelly's attack. The azure jelly completely misses you.
The azure jelly hits you.
* * * LOW HITPOINT WARNING * * *
The azure jelly freezes you!!!
You die...

,,,,,,,,,,,,,,,,,,,,,,,,,,,,,,,,,
*********************************
,,,,,,,,,,,,+,,,,,,,,,,+,,,,,,,,,
*********************************
,,,,,,,,,,,,,,,,,,,,,,,,,,,,,,,,,
▓▓▓▓▓▓▓▓▓♣♣♣♣♣♣♣♣♣♣♣♣▓▓▓▓▓▓▓▓▓▓▓▓
((()))...')).....(.)))J())..J...J
▓▓▓▓▓▓▓▓▓♣♣♣♣♣♣♣♣♣♣♣♣▓▓▓▓▓▓▓▓▓▓▓▓
............JJJJ@JJ..............
▓▓▓▓▓▓▓▓▓▓▓▓▓▓▓▓▓▓▓▓▓▓▓▓▓▓▓▓▓▓▓▓▓
...'.......†..'.)..[..)'.'.'.[...
▓▓▓▓▓▓▓▓▓▓▓▓▓▓▓▓▓▓▓▓▓▓▓▓▓▓▓▓▓▓▓▓▓
..............................%..
▓▓▓▓▓▓▓▓▓▓▓▓▓▓▓▓▓▓▓▓▓▓▓▓▓▓▓▓▓▓▓▓▓
)()....)))))))....).).......'.)).
▓▓▓▓▓▓▓▓▓▓▓▓▓▓▓▓▓▓▓▓▓▓▓▓▓▓▓▓▓▓▓▓▓
.............................)...


You could see the Royal Jelly, 2 acid blobs and 3 azure jellies.

Vanquished Creatures
  Mara (D)
  3 orbs of fire (D)
  3 ancient liches (D)
  Saint Roka (D)
  Frederick (D)
  2 curse toes (D)
  Margery (D)
  Xtahua (D)
  A Killer Klown (D)
  5 golden dragons (D)
  Nikola (D)
  A bone dragon (D)
  An electric golem (D)
  5 liches (D)
  26 Orb Guardians (D)
  3 tentacled monstrosities (D)
  A quicksilver dragon (D)
  A titan (D)
  3 deep elf blademasters (D)
  4 acid blobs (D)
  A deep elf master archer (D)
  A sphinx (D)
  11 shadow dragons (D)
  Frances (D)
  3 death cobs (D)
  Agnes (D)
  5 storm dragons (D)
  Kirke (D)
  A tengu reaver (D)
  A draconian monk (D)
  Donald (D)
  A draconian knight (D)
  3 azure jellies (D)
  4 nagarajas (D)
  Ilsuiw (D)
  A frost giant (D)
  A fire giant (D)
  An iron dragon (D)
  A ghost moth (D)
  4 emperor scorpions (D)
  3 vault wardens (D)
  2 draconian scorchers (D)
  Louise (D)
  A ghost moth (shapeshifter) (D)
  2 draconian stormcallers (D)
  3 draconian shifters (D)
  3 ironheart preservers (D)
  4 stone giants (D)
  2 very ugly things (D)
  3 deep elf demonologists (D)
  6 vampire knights (D)
  5 green draconians (D)
  3 black draconians (D)
  2 deep elf annihilators (D)
  4 purple draconians (D)
  4 yellow draconians (D)
  2 white draconians (D)
  Snorg (D)
  5 merfolk javelineers (D)
  3 deep elf death magi (D)
  A death ooze (D)
  2 yaktaur captains (D)
  3 ettins (D)
  2 merfolk impalers (D)
  3 fire dragons (D)
  2 ogre magi (D)
  2 deep elf high priests (D)
  3 great orbs of eyes (D)
  4 ice dragons (D)
  25 vault guards (D)
  A rakshasa (D)
  8 hydras (D)
  3 naga warriors (D)
  A death knight (D)
  A two-headed ogre (shapeshifter) (D)
  Erica (D)
  A merfolk avatar (D)
  6 merfolk aquamancers (D)
  A deep troll earth mage (D)
  3 deep troll shamans (D)
  2 centaur warriors (D)
  A shock serpent (D)
  3 naga sharpshooters (D)
  5 hell knights (D)
  A small abomination (D)
  Nergalle (D)
  A salamander mystic (D)
  A death drake (shapeshifter) (D)
  2 shadow wraiths (D)
  2 sea snakes (D)
  2 glowing orange brains (D)
  5 swamp dragons (D)
  A necromancer (D)
  A naga ritualist (D)
  A deep elf archer (D)
  A wizard (D)
  2 ironbrand convokers (D)
  3 orc knights (D)
  A harpy (D)
  A deep elf mage (D)
  A mana viper (D)
  3 wolf spiders (D)
  13 moths of wrath (D)
  7 orc sorcerers (D)
  A merfolk siren (D)
  2 black mambas (D)
  8 vault sentinels (D)
  3 guardian serpents (D)
  2 naga magi (D)
  Psyche (D)
  A gargoyle (D)
  A rime drake (D)
  A spiny frog (D)
  A demonic crawler (D)
  3 yaktaurs (D)
  4 tyrant leeches (D)
  2 jumping spiders (D)
  A merfolk (D)
  A hornet (D)
  A wind drake (D)
  A blink frog (D)
  A hippogriff (D)
  2 slime creatures (D)
  A redback (shapeshifter) (D)
  7 redbacks (D)
  2 tarantellas (D)
  5 yaks (D)
  11 spriggans (D)
  Eustachio (D)
  A golden eye (D)
  A vampire mosquito (D)
  3 hogs (D)
  A warg (D)
  2 nagas (D)
  3 hell hounds (D)
  A porcupine (D)
  A water moccasin (D)
  A sky beast (D)
  2 floating eyes (D)
  19 orc warriors (D)
  An ice beast (D)
  4 swamp drakes (D)
  A phantom (D)
  4 wolves (D)
  4 crocodiles (D)
  A big kobold (shapeshifter) (D)
  2 big kobolds (D)
  6 bullfrogs (D)
  A scorpion (D)
  A hound (D)
  A jelly (D)
  3 orc priests (D)
  An iguana (D)
  A worker ant (D)
  10 orc wizards (D)
  A shadow imp (D)
  An adder skeleton (D)
  A worm (D)
  A leopard gecko (D)
  7 orcs (D)
  3 giant cockroaches (D)
  2 hobgoblins (D)
  A leopard gecko zombie (D)
  A crawling corpse (D)
460 creatures vanquished.

Vanquished Creatures (others)
  A vampire knight (D)
  A merfolk (D)
  3 humans (D)
5 creatures vanquished.

Grand Total: 465 creatures vanquished

Notes
Turn   | Place    | Note
-------+----------+-------------------------------------------
     0 | D        | equalderp2856 the Minotaur Fighter began the quest for the Orb.
     0 | D        | Reached XP level 1. HP: 19/19 MP: 0/0
    17 | D        | Noticed an orc priest
    17 | D        | Noticed a worker ant
    19 | D        | Reached XP level 2. HP: 10/28 MP: 1/1
    23 | D        | Reached skill level 5 in Fighting
    23 | D        | Reached skill level 5 in Armour
    23 | D        | Reached skill level 5 in Shields
    23 | D        | Reached XP level 3. HP: 27/36 MP: 2/2
    32 | D        | Reached XP level 4. HP: 17/44 MP: 3/3
   179 | D        | Found a roughly hewn altar of Beogh.
   179 | D        | Found a snail-covered altar of Cheibriados.
   179 | D        | Found a shadowy altar of Dithmenos.
   179 | D        | Found a white marble altar of Elyvilon.
   179 | D        | Found a blossoming altar of Fedhas.
   179 | D        | Found an opulent altar of Gozag.
   180 | D        | Found a hazy altar of Hepliaklqana.
   181 | D        | Found a viscous altar of Jiyva.
   182 | D        | Found an ancient bone altar of Kikubaaqudgha.
   183 | D        | Found a corrupted altar of Lugonu.
   184 | D        | Found a burning altar of Makhleb.
   185 | D        | Found a sparkling altar of Nemelex Xobeh.
   186 | D        | Found an iron altar of Okawaru.
   187 | D        | Found a stormy altar of Qazlal.
   188 | D        | Found a sacrificial altar of Ru.
   189 | D        | Found a deep blue altar of Sif Muna.
   190 | D        | Found a bloodstained altar of Trog.
   191 | D        | Found a hide-covered altar of Uskayaw.
   192 | D        | Found a radiant altar of Vehumet.
   193 | D        | Found an ornate altar of the Wu Jian Council.
   194 | D        | Found a shimmering altar of Xom.
   195 | D        | Found a basalt altar of Yredelemnul.
   196 | D        | Found a glowing silver altar of Zin.
   197 | D        | Found a glowing golden altar of the Shining One.
   330 | D        | Noticed a bullfrog
   330 | D        | Noticed a phantom
   330 | D        | Noticed a big kobold
   333 | D        | Killed a bullfrog
   333 | D        | Reached skill level 5 in Axes
   337 | D        | Reached XP level 5. HP: 46/52 MP: 4/4
   356 | D        | Reached XP level 6. HP: 59/62 MP: 5/5
   385 | D        | Noticed a yak
   385 | D        | Noticed a yak
   385 | D        | Noticed an orc warrior
   385 | D        | Noticed an ice beast
   390 | D        | Killed a yak
   390 | D        | Reached skill level 10 in Armour
   390 | D        | Reached XP level 7. HP: 56/70 MP: 6/6
   397 | D        | Reached skill level 10 in Axes
   400 | D        | Killed a yak
   400 | D        | Reached skill level 10 in Fighting
   409 | D        | Reached skill level 10 in Shields
   608 | D        | Noticed a yak
   608 | D        | Noticed a yak
   608 | D        | Noticed a yak
   611 | D        | Reached XP level 8. HP: 80/80 MP: 7/7
   624 | D        | Reached skill level 1 in Dodging
   674 | D        | Noticed a blink frog
   674 | D        | Noticed a black mamba
   674 | D        | Noticed a spiny frog
   677 | D        | Killed a blink frog
   677 | D        | Reached XP level 9. HP: 89/89 MP: 8/8
   687 | D        | Killed a black mamba
   687 | D        | Reached skill level 15 in Axes
   940 | D        | Noticed a rime drake
   942 | D        | Killed a spiny frog
   969 | D        | Killed a rime drake
  1094 | D        | Reached XP level 10. HP: 75/100 MP: 9/9
  1314 | D        | Noticed Psyche
  1317 | D        | Killed Psyche
  1743 | D        | Noticed an orc knight
  1852 | D        | Killed an orc knight
  1977 | D        | Reached skill level 1 in Evocations
  2130 | D        | Noticed an orc knight
  2142 | D        | Killed an orc knight
  2211 | D        | Found Ijeemutoc's Antique Weapon Emporium.
  2211 | D        | Noticed an orc sorcerer
  2211 | D        | Noticed an orc sorcerer
  2211 | D        | Noticed an orc sorcerer
  2211 | D        | Noticed an orc sorcerer
  2214 | D        | Noticed a soul eater
  2214 | D        | Killed an orc sorcerer
  2218 | D        | Killed an orc sorcerer
  2219 | D        | Found Kivvaido's Magic Scroll Shoppe.
  2223 | D        | Noticed a sun demon
  2228 | D        | Noticed a sun demon
  2365 | D        | Paralysed by an orc sorcerer for 4 turns
  2372 | D        | Killed an orc sorcerer
  2372 | D        | Reached XP level 11. HP: 91/111 MP: 11/11
  2452 | D        | Killed an orc sorcerer
  2452 | D        | Reached skill level 15 in Fighting
  2504 | D        | Noticed an orc sorcerer
  2511 | D        | Noticed a sixfirhy
  2514 | D        | Killed an orc sorcerer
  2606 | D        | Found Dythimen's Book Emporium.
  2607 | D        | Noticed an orc sorcerer
  2608 | D        | Found Betusmuog's Antique Armour Shoppe.
  2608 | D        | Paralysed by an orc sorcerer for 6 turns
  2609 | D        | Noticed an orc sorcerer
  2615 | D        | Killed an orc sorcerer
  2619 | D        | Noticed a sun demon
  2644 | D        | Killed an orc sorcerer
  2699 | D        | Bought a scroll of magic mapping for 42 gold pieces
  2722 | D        | Bought a pair of runed gloves for 187 gold pieces
  2722 | D        | Bought the +2 cloak of the Thief {+Fog Slay-2 SInv Stlth+} for 502 gold pieces
  2722 | D        | Found the +2 cloak of the Thief {+Fog Slay-2 SInv Stlth+}
  2722 | D        | Bought a pair of runed boots for 187 gold pieces
  2763 | D        | Bought a book of Minor Magic for 280 gold pieces
  2770 | D        | Learned a level 1 spell: Magic Dart
  2773 | D        | Learned a level 2 spell: Blink
  2777 | D        | Learned a level 3 spell: Conjure Flame
  2808 | D        | Noticed Erica
  2824 | D        | Killed Erica
  2859 | D        | Noticed Eustachio
  2866 | D        | Killed Eustachio
  3039 | D        | Noticed a deep elf mage
  3041 | D        | Noticed a green very ugly thing
  3051 | D        | Noticed an ogre mage
  3054 | D        | Noticed a centaur warrior
  3065 | D        | Killed a deep elf mage
  3067 | D        | Killed a green very ugly thing
  3073 | D        | Killed an ogre mage
  3077 | D        | Killed a centaur warrior
  3081 | D        | Noticed an ettin
  3324 | D        | Killed an ettin
  3531 | D        | Noticed a lich
  3541 | D        | Killed a lich
  3541 | D        | Reached skill level 5 in Dodging
  3541 | D        | Reached skill level 15 in Shields
  3541 | D        | Reached XP level 12. HP: 76/125 MP: 11/13
  3566 | D        | Noticed an ice dragon
  3745 | D        | Killed an ice dragon
  3745 | D        | Reached skill level 15 in Armour
  3745 | D        | Reached skill level 1 in Stealth
  3754 | D        | Noticed an ettin
  4008 | D        | Killed an ettin
  4127 | D        | Noticed Kirke
  4195 | D        | Killed Kirke
  4195 | D        | Reached skill level 5 in Evocations
  4308 | D        | Noticed a naga warrior
  4753 | D        | Killed a naga warrior
  5328 | D        | Noticed a merfolk aquamancer
  5344 | D        | Noticed a merfolk aquamancer
  5345 | D        | Noticed a merfolk impaler
  5352 | D        | Killed a merfolk aquamancer
  5372 | D        | Reached XP level 13. HP: 116/136 MP: 17/17
  5403 | D        | Killed a merfolk impaler
  5683 | D        | Noticed an emperor scorpion
  5717 | D        | Killed an emperor scorpion
  6348 | D        | Noticed Saint Roka
  6695 | D        | Killed Saint Roka
  7144 | D        | Noticed Agnes
  7150 | D        | Killed Agnes
  7208 | D        | Noticed a stone giant
  7208 | D        | Noticed a fire dragon
  7505 | D        | Killed a stone giant
  7593 | D        | Reached skill level 5 in Stealth
  7716 | D        | Killed a fire dragon
  7799 | D        | Noticed a fire dragon
  7808 | D        | Killed a fire dragon
  7820 | D        | Noticed a fire giant
  8131 | D        | Killed a fire giant
  8131 | D        | Reached XP level 14. HP: 143/149 MP: 19/19
  8424 | D        | Noticed a tengu reaver
  8431 | D        | Killed a tengu reaver
  8453 | D        | Noticed a tentacled monstrosity
  8453 | D        | Noticed a stone giant
  8461 | D        | Killed a tentacled monstrosity
  8470 | D        | Killed a stone giant
  8470 | D        | Reached skill level 10 in Dodging
  8552 | D        | Noticed a vault warden
  8555 | D        | Noticed an ironheart preserver
  8588 | D        | Killed a vault warden
  9218 | D        | Killed an ironheart preserver
  9369 | D        | Noticed a stone giant
  9379 | D        | Killed a stone giant
  9574 | D        | Noticed Nergalle
  9580 | D        | Killed Nergalle
  9590 | D        | Noticed Frances
  9731 | D        | Killed Frances
  9902 | D        | Found the +3 giant club "Skullcrusher" {speed, Str+7}
 10015 | D        | Noticed Margery
 10036 | D        | Killed Margery
 10044 | D        | Reached XP level 15. HP: 71/166 MP: 20/20
 10356 | D        | Noticed Donald
 10377 | D        | Killed Donald
 10681 | D        | Noticed Snorg
 10687 | D        | Killed Snorg
 10697 | D        | Noticed Xtahua
 10698 | D        | Paralysed by Xtahua for 7 turns
 10702 | D        | HP: 5/166 [Xtahua/searing blast (72)]
 11231 | D        | Paralysed by Xtahua for 3 turns
 11237 | D        | Paralysed by Xtahua for 6 turns
 11246 | D        | Killed Xtahua
 11452 | D        | Noticed Ilsuiw
 11484 | D        | Killed Ilsuiw
 11537 | D        | Got a barnacled rune of Zot
 11919 | D        | Reached skill level 1 in Polearms
 12252 | D        | Reached skill level 5 in Polearms
 12435 | D        | Got a decaying rune of Zot
 12701 | D        | Killed a ghost moth
 13158 | D        | Got a gossamer rune of Zot
 13171 | D        | Noticed a nagaraja
 13171 | D        | Noticed a nagaraja
 13172 | D        | Noticed a nagaraja
 13179 | D        | Killed a nagaraja
 13179 | D        | Reached skill level 27 in Axes
 13185 | D        | Killed a nagaraja
 13192 | D        | Killed a nagaraja
 13195 | D        | Noticed a nagaraja
 13210 | D        | Killed a nagaraja
 13210 | D        | Reached XP level 16. HP: 91/180 MP: 21/21
 13375 | D        | Got a serpentine rune of Zot
 13650 | D        | Noticed Mara
 13655 | D        | Noticed equalderp2856's illusion
 14101 | D        | Noticed equalderp2856's illusion
 14137 | D        | Noticed equalderp2856's illusion
 14147 | D        | Killed Mara
 14533 | D        | Reached skill level 27 in Fighting
 14537 | D        | Reached skill level 27 in Shields
 14793 | D        | Noticed a sphinx
 14821 | D        | Noticed a shadow dragon
 14827 | D        | Killed a sphinx
 14839 | D        | Killed a shadow dragon
 14839 | D        | Reached skill level 27 in Armour
 14842 | D        | Noticed a shadow dragon
 14875 | D        | Killed a shadow dragon
 14875 | D        | Reached skill level 15 in Dodging
 14929 | D        | Got a fine glass ring
 15257 | D        | Learned a level 1 spell: Animate Skeleton
 15259 | D        | Learned a level 1 spell: Pain
 15263 | D        | Learned a level 3 spell: Regeneration
 15267 | D        | Learned a level 3 spell: Vampiric Draining
 15268 | D        | Noticed a shadow dragon
 15268 | D        | Noticed an ancient lich
 15268 | D        | Noticed a titan
 15268 | D        | Noticed a shadow dragon
 15268 | D        | Noticed a shadow dragon
 15275 | D        | Noticed a Tzitzimitl
 15688 | D        | Killed a shadow dragon
 15712 | D        | Killed a titan
 15712 | D        | Reached skill level 5 in Spellcasting
 15712 | D        | Reached XP level 17. HP: 148/191 MP: 21/24
 15808 | D        | Noticed an Ice Fiend
 15811 | D        | Killed an ancient lich
 15825 | D        | Identified the ring "Rarineb" {EV+4 Str+4 Stlth+} (You found it in the Dungeon)
 15882 | D        | Reached skill level 10 in Spellcasting
 15958 | D        | Got a silver rune of Zot
 16141 | D        | Noticed Frederick
 16151 | D        | Killed Frederick
 16179 | D        | Noticed Nikola
 16197 | D        | Killed Nikola
 16482 | D        | Got the ring of Plog {Str+5 Dex+3}
 16654 | D        | Noticed Louise
 16666 | D        | Killed Louise
 16722 | D        | Reached skill level 1 in Translocations
 16764 | D        | Noticed a bone dragon
 16786 | D        | Killed a bone dragon
 16861 | D        | Noticed a tentacled monstrosity
 16861 | D        | Noticed a golden dragon
 16870 | D        | Killed a tentacled monstrosity
 16873 | D        | Killed a golden dragon
 16890 | D        | Reached skill level 15 in Spellcasting
 17082 | D        | Noticed a tentacled monstrosity
 17106 | D        | Killed a tentacled monstrosity
 17108 | D        | Reached XP level 18. HP: 145/200 MP: 26/36
 17134 | D        | Noticed a curse toe
 17139 | D        | Noticed a curse toe
 17146 | D        | Killed a curse toe
 17146 | D        | Reached skill level 5 in Translocations
 17173 | D        | Killed a curse toe
 17830 | D        | Noticed an Orb Guardian
 17830 | D        | Noticed an Orb Guardian
 17830 | D        | Noticed an Orb Guardian
 17830 | D        | Noticed an Orb Guardian
 17830 | D        | Noticed an Orb Guardian
 17830 | D        | Noticed an Orb Guardian
 17835 | D        | Killed an Orb Guardian
 17835 | D        | Reached skill level 27 in Dodging
 17838 | D        | Killed an Orb Guardian
 17842 | D        | Killed an Orb Guardian
 17845 | D        | Killed an Orb Guardian
 17851 | D        | Killed an Orb Guardian
 17859 | D        | Killed an Orb Guardian
 17860 | D        | Noticed an Orb Guardian
 17861 | D        | Noticed an Orb Guardian
 17862 | D        | Noticed an Orb Guardian
 17874 | D        | Killed an Orb Guardian
 17882 | D        | Killed an Orb Guardian
 17890 | D        | Killed an Orb Guardian
 17891 | D        | Noticed an Orb Guardian
 17900 | D        | Killed an Orb Guardian
 17965 | D        | Noticed a golden dragon
 17965 | D        | Noticed an Orb Guardian
 17965 | D        | Noticed an Orb Guardian
 17966 | D        | Noticed an Orb Guardian
 17973 | D        | Noticed an Orb Guardian
 17973 | D        | Killed a golden dragon
 17990 | D        | Killed an Orb Guardian
 17995 | D        | Killed an Orb Guardian
 18008 | D        | Killed an Orb Guardian
 18014 | D        | Killed an Orb Guardian
 18311 | D        | Noticed an ancient lich
 18316 | D        | Killed an ancient lich
 18316 | D        | Reached XP level 19. HP: 207/207 MP: 44/44
 18319 | D        | Noticed an orb of fire
 18329 | D        | Gained mutation: You are clumsy. (Dex -2) [an orb of fire]
 18341 | D        | Killed an orb of fire
 18613 | D        | Noticed an electric golem
 18620 | D        | Killed an electric golem
 18624 | D        | Noticed a golden dragon
 18624 | D        | Noticed a golden dragon
 18624 | D        | Noticed a Killer Klown
 18631 | D        | Noticed an orb of fire
 18632 | D        | Killed a golden dragon
 18645 | D        | Killed a golden dragon
 18666 | D        | Gained mutation: Your body sometimes deteriorates upon taking damage. [an orb of fire]
 18671 | D        | Gained mutation: Your magical capacity is low. (-10% MP) [an orb of fire]
 18674 | D        | Killed an orb of fire
 18674 | D        | Reached skill level 10 in Translocations
 18687 | D        | Noticed an orb of fire
 18711 | D        | HP: 10/207 [orb of fire/fireball (17)]
 19231 | D        | Gained mutation: You are frail. (-10% HP) [an orb of fire]
 19244 | D        | Gained mutation: You are very clumsy. (Dex -4) [an orb of fire]
 19245 | D        | Killed an orb of fire
 19263 | D        | Killed a Killer Klown
 19518 | D        | Noticed a golden dragon
 19522 | D        | Killed a golden dragon
 19624 | D        | Reached skill level 10 in Stealth
 19624 | D        | Reached skill level 27 in Spellcasting
 20067 | D        | Reached XP level 20. HP: 194/194 MP: 44/44
 20068 | D        | Noticed an ancient lich
 20086 | D        | Killed an ancient lich
 20086 | D        | Reached skill level 15 in Translocations
 20098 | D        | Paralysed by something for 7 turns
 20109 | D        | Paralysed by something for 2 turns
 20117 | D        | Paralysed by something for 7 turns
 20134 | D        | Reached skill level 15 in Stealth
 20567 | D        | HP: 9/194 [ghostly deep elf master archer/arrow (10)]
 20568 | D        | HP: 3/194 [ghostly deep elf master archer/arrow (27)]
 21160 | D        | Got an elven rune of Zot
 21307 | D        | Paralysed by a floating eye for 2 turns
 21314 | D        | Paralysed by a floating eye for 4 turns
 21325 | D        | Paralysed by a floating eye for 3 turns
 21331 | D        | Noticed the Royal Jelly
 21747 | D        | Demolished by an azure jelly

Skill      XL: |  1  2  3  4  5  6  7  8  9 10 11 12 13 14 15 16 17 18 19 20 |
---------------+-------------------------------------------------------------+-----
Fighting       | 4 5 6 7 8 9 10 11 12 14 17 18 20 23 26 27 | 27.0
Armour         | 4 5 6 8 9 10 11 12 14 16 17 18 20 27 | 27.0
Shields        | 4 5 6 7 8 9 10 11 12 13 15 17 20 23 25 27 | 27.0
Axes           | 3 4 5 7 9 12 14 17 19 21 22 23 25 27 | 27.0
Dodging        | 1 3 4 5 6 9 10 11 17 24 27 | 27.0
Evocations     | 1 3 7 8 |  8.9
Stealth        | 3 5 12 17 | 17.9
Polearms       | 9 |  9.7
Spellcasting   | 5 15 22 27 | 27.0
Translocations | 4 9 13 19 | 19.1

Action                   |  1- 3 |  4- 6 |  7- 9 | 10-12 | 13-15 | 16-18 | 19-21 || total
-------------------------+-------+-------+-------+-------+-------+-------+-------++-------
Melee: War axe           |    19 |       |       |       |       |       |       ||    19
       Headbutt          |     4 |     7 |    15 |    63 |   169 |   251 |   103 ||   612
       Broad axe         |       |    27 |   111 |   299 |   611 |   856 |   391 ||  2295
       Demon trident     |       |       |       |       |    45 |       |       ||    45
 Cast: Blink             |       |       |       |       |       |     1 |       ||     1
 Abil: Evoke Invisibilit |       |       |       |     4 |     3 |       |     1 ||     8
Evoke: Wand              |       |       |       |     5 |     1 |       |       ||     6
  Use: Potion            |     2 |       |       |       |     1 |     7 |    11 ||    21
       Scroll            |       |       |     2 |     1 |     6 |     7 |     4 ||    20
 Stab: Invisible         |       |       |       |     3 |     2 |       |       ||     5
       Distracted        |       |       |       |       |     1 |       |       ||     1
       Sleeping          |       |       |       |       |       |       |     1 ||     1
  Eat: Chunk             |       |       |       |     8 |    10 |     8 |     8 ||    34
       Ration            |       |       |       |     2 |     5 |     3 |       ||    10
Armor: Scale mail        |     5 |     9 |    22 |     5 |       |       |       ||    41
       Plate armour      |       |       |       |    13 |   166 |   149 |    33 ||   361
       Chain mail        |       |       |       |    33 |    74 |       |       ||   107
       Swamp dragon scal |       |       |       |       |    16 |       |       ||    16
       Fire dragon scale |       |       |       |       |     8 |     1 |    67 ||    76
Dodge: Dodged            |     2 |     9 |    30 |    70 |   319 |   294 |   192 ||   916
Block: Shield            |     5 |    15 |    39 |   129 |   366 |   449 |   232 ||  1235
